 Dungeon Crawl Stone Soup version 0.31.0-11-ge490571c62 (webtiles) character file.

Game seed: 15939692298893040284

91 Gadfly the Ruffian (level 4, -3/33 HPs)
             Began as a Demonspawn Shapeshifter on Jan 27, 2024.
             Killed from afar by an orc wizard (9 damage)
             ... with a puff of flame
             ... on level 3 of the Dungeon.
             The game lasted 00:03:52 (2211 turns).

Gadfly the Ruffian (Demonspawn Shapeshifter)        Turns: 2211, Time: 00:03:53

Health: -3/33      AC:  2    Str: 16    XL:     4   Next: 33%
Magic:  4/4        EV: 12    Int: 11    God:
Gold:   49         SH:  0    Dex: 12    Spells: 3/3 levels left

rFire   . .          .
                       - Unarmed
rCold   . . .        (no shield)
rNeg    . . .        a - +0 animal skin
rPois   .            (helmet currently unavailable)
rElec   .            (cloak currently unavailable)
rCorr   .            (gloves currently unavailable)
SInv    .            (boots currently unavailable)
Will    .....        (no amulet)
Stlth   +            (no ring)
HPRegen 0.25/turn    (no ring)
MPRegen 0.09/turn

%: no passive effects
@: beast-form
A: beast (slay +1), antennae 1, hooves 1, demonic touch 1
a: Begin Untransformation


You were on level 3 of the Dungeon.
You were a hulking beast.
You visited 1 branch of the dungeon, and saw 4 of its levels.

You collected 107 gold pieces.
You spent 58 gold pieces at shops.

Inventory:

Armour
 a - a +0 animal skin (worn)
Talismans
 b - a maw talisman
 c - a beast talisman
 d - a flux talisman
Scrolls
 f - a scroll of noise {unknown}
 g - 3 scrolls of summoning
 i - a scroll of identify
 j - a scroll of fear {unknown}
 k - a scroll of vulnerability {unknown}
Potions
 e - a potion of haste
 h - 2 potions of berserk rage


   Skills:
 + Level 1.7 Fighting
 * Level 2.6 Dodging
 + Level 3.0 Unarmed Combat
 * Level 2.0 Evocations
 + Level 3.0 Shapeshifting


You had 3 spell levels left.
You didn't know any spells.
Your spell library was empty.

Dungeon Overview and Level Annotations

Branches:
Dungeon (4/15)
 Temple: D:4-7

Altars:
Wu Jian

Shops:
D:1 =([(*


Innate Abilities, Weirdness & Mutations

You are a hulking beast.
Your limbs bulge with bestial killing power. (Slay +1)
You have a pair of small antennae on your head.
You have large cloven feet.
Your touch may inflict minor irresistible damage on your foes.


Message History

You are too injured to fight recklessly!
You are too injured to fight recklessly!
You are too injured to fight recklessly!
You are too injured to fight recklessly!
You are too injured to fight recklessly!
You are too injured to fight recklessly!
You are too injured to fight recklessly!
You are too injured to fight recklessly!
You are too injured to fight recklessly!
You are too injured to fight recklessly!
You are too injured to fight recklessly!
You are too injured to fight recklessly!
You are too injured to fight recklessly!
Unknown command.
The orc completely misses you. The orc attacks as it pursues you!
The orc closely misses you.
You hit the orc. You kick the orc.
The orc is heavily wounded.
The orc barely misses you.
You barely miss the orc. Your kick misses the orc.
The orc is heavily wounded.
The orc hits you with a +0 club.
You closely miss the orc. You kick the orc.
The orc is severely wounded.
You punch the orc!
You kill the orc!
You hit something. Your touch misses something.
You hear some strange, mumbled words.
A magic dart appears from out of thin air!
The magic dart hits you.
You miss something. Your kick misses something. Something hits you.
* * * LOW HITPOINT WARNING * * *
You closely miss something. Your kick misses something.
Your touch misses something. Something hits you.
* * * LOW HITPOINT WARNING * * *
You closely miss something. Your kick misses something.
You hear some strange, mumbled words.
A puff of flame appears from out of thin air!
The puff of flame hits you!
You die...

#### ......# ..
.##..........# ..# .......
.#..........# .... .......
.... ......# .............#
#.!. ......# §............#
#..# .....[. §§...........#
#.##.......
.§§..........######..........
.§.#........##..h{oo.).......
.§§............#######?......
.≈.§(..).....### .......
.§...........# .......
.≈...........# #######
≈§...........# .............#
####........## ##......##


You could see 2 orcs.

Vanquished Creatures
  An adder (D:2)
  A gnoll (D:3)
  2 dart slugs (D:1)
  3 ribbon worms
  An orc (D:3)
  7 bats
  3 endoplasms
  3 giant cockroaches
  2 goblins
  6 hobgoblins
  9 jackals
  5 kobolds
  A quokka (D:2)
  8 ball pythons
  4 frilled lizards
  A rat (D:2)
57 creatures vanquished.

Notes
Turn   | Place    | Note
-------+----------+-------------------------------------------
     0 | D:1      | Gadfly the Demonspawn Shapeshifter began the quest for the
                  | Orb.
     0 | D:1      | Reached XP level 1. HP: 15/15 MP: 1/1
   116 | D:1      | Found Uwiek's Jewellery Shop.
   139 | D:1      | Discovered your monstrous ancestry.
   139 | D:1      | Gained mutation: You have a pair of small antennae on your
                  | head. [demonic ancestry]
   139 | D:1      | Reached XP level 2. HP: 4/21 MP: 2/2
   343 | D:1      | Found a faded altar of an unknown god.
   417 | D:1      | Found Xovaga's Antique Weapon Shop.
   427 | D:1      | Reached skill level 1 in Evocations
   666 | D:1      | Found Genaet's Assorted Antiques.
   669 | D:1      | Bought a scroll labelled NIPNAJATAWK for 20 gold pieces
   669 | D:1      | Bought a scroll labelled YPTASU PUATEI for 20 gold pieces
   674 | D:1      | Found Bumashoh's Antique Armour Boutique.
   685 | D:1      | Gained mutation: You have large cloven feet. [demonic
                  | ancestry]
   685 | D:1      | Reached XP level 3. HP: 17/26 MP: 3/3
   782 | D:1      | Found Tyec's Antique Weapon Boutique.
   910 | D:1      | Bought an amethyst potion for 18 gold pieces
  1887 | D:3      | Found an ornate altar of the Wu Jian Council.
  1898 | D:3      | Gained mutation: Your touch may inflict minor irresistible
                  | damage on your foes. [demonic ancestry]
  1898 | D:3      | Reached XP level 4. HP: 19/32 MP: 4/4
  2211 | D:3      | Killed from afar by an orc wizard

Illustrated notes

Levels and vault maps discovered:
D:1:      erik_arrival_triangle_huge, layout_basic, serial_shops,
          shop_fountains, shop, nicolae_shop_back_alley_shop, shop,
          nicolae_shop_gaudy_bauble, shapermc_ecumenical_altar_starsandcircs
D:2:      layout_loops_corners, minmay_hedge_maze
D:3:      layout_rooms, mainiacjoe_overflow_concentric_impassable
D:4:      layout_rooms, minmay_temple_entry_junction, nicolae_underground_beach,
          uniq_ijyb

Skill      XL: |  1  2  3  4 |
---------------+-------------+-----
Dodging        | 2 |  2.6
Evocations     | 1 2 |  2.0
Unarmed Combat | 3 |  3.0
Shapeshifting  | 3 |  3.0
Fighting       | |  1.7

Action                     |  1- 3 |  4- 6 || total
---------------------------+-------+-------++-------
  Melee: Unarmed           |   132 |    34 ||   166
         Kick              |    23 |     4 ||    27
         Punch             |     1 |       ||     1
         Touch             |       |     1 ||     1
    Use: Potion            |     1 |       ||     1
         Scroll            |     7 |       ||     7
   Stab: Sleeping          |       |     1 ||     1
 Armour: Animal skin       |    76 |    20 ||    96
         Skin              |     6 |       ||     6
  Dodge: Dodged            |    96 |    24 ||   120
